 Dungeon Crawl Stone Soup version 0.13-a0-1590-g33f0eee (webtiles) character file.

1399 Zirc the Poker (level 8, -9/61 HPs)
             Began as a Djinni Hunter on June 13, 2013.
             Mangled by a centaur
             ... wielding a cursed -2,+0 bow
              (10 damage)
             ... on Level 5 of the Dungeon.
             The game lasted 00:21:40 (4999 turns).

Zirc the Poker (Djinni Hunter)                      Turns: 4999, Time: 00:21:40

HP  -9/61        AC  6     Str 13      XL: 8   Next: 18%
MP   0/0         EV 14     Int 14      God:
Gold 221         SH  0     Dex 13      Spells:  1 memorised, 13 levels left

Res.Fire  : + + +   See Invis. : +   b - +1 crossbow
Res.Cold  : x . .   Warding    : .   n - +2 robe
Life Prot.: + + +   Conserve   : .   (no shield)
Res.Poison: .       Res.Corr.  : .   y - +1 helmet
Res.Elec. : .       Clarity    : .   (no cloak)
Sust.Abil.: . .     Spirit.Shd : .   (no gloves)
Res.Mut.  : .       Stasis     : .   (boots unavailable)
Res.Rott. : .       Flight     : .   (no amulet)
Saprovore : . . .                    (no ring)
                                     (no ring)

@: slow, slightly resistant to hostile enchantments, unstealthy
A: see invisible, -10% hp, slowness 1
a: no special abilities


You were on level 5 of the Dungeon.
You were not hungry.

You visited 1 branch of the dungeon, and saw 5 of its levels.

You collected 201 gold pieces.

Inventory:

Hand weapons
 b - a +1,+1 crossbow (weapon)
 f - a +3,+2 whip of flaming
 s - a +1,+0 elven spear
Missiles
 a - 13 bolts of flame
 c - 43 bolts (quivered)
Armour
 n - a +2 robe (worn)
 y - a +1 helmet (worn)
Magical devices
 m - a wand of paralysis (14)
 A - a wand of confusion (10)
Scrolls
 g - 2 scrolls of remove curse
 j - 3 scrolls of identify
Jewellery
 q - an uncursed ring of fire
Books
 o - Sif Muna's Catalogue of Shape Shifting
   (You found it on level 4 of the Dungeon)

   Spells                             Type                      Level
   Beastly Appendage                  Transmutation                1
 u - a book of Dreams

   Spells                             Type                      Level
   *Ensorcelled Hibernation           Hexes/Ice                    2
   Flight                             Charms/Air                   3
   Phase Shift                        Translocation                5
   Shadow Creatures                   Summoning                    5
   Mass Confusion                     Hexes                        6
   Darkness                           Hexes                        7


   Skills:
 + Level 3.4 Fighting
 * Level 1.0 Maces & Flails
 - Level 4.9 Polearms
 - Level 4.3 Crossbows
 + Level 4.2 Dodging
 - Level 0.7 Stealth
 + Level 4.3 Spellcasting
 + Level 4.0 Hexes


You had 13 spell levels left.
You knew the following spells:

 Your Spells              Type           Power        Failure   Level  Hunger
a - Ensorcelled Hibernat  Hex/Ice        #.....       14%         2    ##.....


Dungeon Overview and Level Annotations

Branches:
Dungeon (5/27)
 Temple: D:4-7

Altars:
Cheibriados
Sif Muna
Trog

Annotations
D:5 Grinder


Innate Abilities, Weirdness & Mutations

You are immune to all types of fire, even holy and hellish.
You are vulnerable to cold.
You need no food.
You have no legs.
You have supernaturally acute eyesight.
You are frail (-10% HP).
You cover ground slowly.


Message History

You shoot a bolt. The bolt hits the quasit.
The quasit is severely wounded.
The quasit misses you. The quasit barely misses you.
The quasit closely misses you.
Firing (i - inventory. (,) - cycle):
c - 45 bolts (quivered)
Press: ? - help, Shift-Dir - straight line, f/p - quasit
Aim: a quasit (severely wounded)
You shoot a bolt. The bolt hits the quasit.
You kill the quasit!
Your Hexes skill increases to level 4!
The centaur hits you with a bow.
* * * LOW HITPOINT WARNING * * *
Firing (i - inventory. (,) - cycle):
c - 44 bolts (quivered)
Press: ? - help, Shift-Dir - straight line, f - centaur
Aim: a centaur, wielding a bow (lightly wounded)
You shoot a bolt. The bolt misses the centaur.
The bolt misses the kobold.
The bolt misses the crimson imp.
The centaur hits you with a bow.
* * * LOW HITPOINT WARNING * * *
The centaur hits you with a bow!
You die...

..##5.# #......... ..#
#.>##..# #......... ...#
#..##.5# #=........ #..#
#..##z.# #......... #..#
#..##..# #......... #..#
#..##..# #......... #..#
#..##(5# #%........ #..#
#..##z.# #......... #..#
#..@cK(####.........
#..#####.###5..............
#........# #(.###..........
#........# #..# #.........
#...<....# #### #..#####..
#........# #..# .
#........# #..#
#..........+ +..#
#........### #..#


You could see Grinder, a centaur, a crimson imp, a kobold zombie and a kobold.

Vanquished Creatures
  Pikel (D:4)
  3 slaves
  A phantom (D:5)
  An ogre (D:3)
  Duvessa (D:4)
  A quasit (D:5)
  Dowan (D:4)
  2 orc priests (D:3)
  2 hounds
  A scorpion (D:5)
  3 worker ants
  2 orc wizards (D:4)
  Ijyb (D:3)
  5 adders
  2 worms
  5 giant geckos
  2 oozes (D:1)
  2 orcs (D:3)
  7 bats
  3 giant cockroaches (D:3)
  9 hobgoblins
  4 jackals (D:1)
  8 kobolds
  4 quokkas
  2 ball pythons (D:3)
  9 giant newts
  9 goblins
  A quokka skeleton (D:4)
  8 rats
100 creatures vanquished.

Vanquished Creatures (others)
  An adder (D:4)
  A ball python (D:4)
2 creatures vanquished.

Grand Total: 102 creatures vanquished

Notes
Turn   | Place    | Note
--------------------------------------------------------------
     0 | D:1      | Zirc, the Djinni Hunter, began the quest for the Orb.
     0 | D:1      | Reached XP level 1. HP: 14/14 MP: 0/0
   193 | D:1      | Reached skill level 1 in Fighting
   193 | D:1      | Reached skill level 1 in Spellcasting
   210 | D:1      | Reached XP level 2. EP: 20/20
   845 | D:2      | Reached XP level 3. EP: 27/27
  1339 | D:2      | Reached XP level 4. EP: 8/34
  1713 | D:2      | Reached skill level 1 in Polearms
  1719 | D:2      | Learned a level 2 spell: Ensorcelled Hibernation
  1911 | D:3      | Noticed Ijyb
  1925 | D:3      | Killed Ijyb
  2095 | D:2      | Reached skill level 1 in Hexes
  2397 | D:3      | Reached XP level 5. EP: 41/41
  2509 | D:3      | Noticed a moth of wrath
  2512 | D:3      | Found a bloodstained altar of Trog.
  2648 | D:3      | Found a snail-covered altar of Cheibriados.
  2946 | D:4      | Noticed Pikel
  2947 | D:4      | Noticed a slave
  2949 | D:4      | Noticed a slave
  2949 | D:4      | Noticed a slave
  2950 | D:4      | Noticed a slave
  2950 | D:4      | Noticed an ogre
  3123 | D:2      | Killed a slave
  3515 | D:4      | Noticed Duvessa
  3515 | D:4      | Noticed Dowan
  3529 | D:4      | Killed Duvessa
  3529 | D:4      | Reached XP level 6. EP: 28/49
  3532 | D:4      | Killed a slave
  3542 | D:3      | Killed a slave
  3557 | D:3      | Killed an ogre
  3759 | D:4      | Killed Dowan
  4082 | D:4      | Paralysed by a potion of paralysis for 6 turns
  4091 | D:4      | Gained mutation: You have supernaturally acute eyesight. [potion of mutation]
  4091 | D:4      | Gained mutation: You cover ground slowly. [potion of mutation]
  4091 | D:4      | Gained mutation: You are frail (-10% HP). [potion of mutation]
  4489 | D:4      | Killed Pikel
  4489 | D:4      | Reached XP level 7. EP: 9/52
  4652 | D:4      | Found a deep blue altar of Sif Muna.
  4668 | D:4      | Identified Sif Muna's Catalogue of Shape Shifting
  4727 | D:4      | Reached XP level 8. EP: 61/61
  4834 | D:5      | Entered Level 5 of the Dungeon
  4875 | D:5      | Reached skill level 1 in Maces & Flails
  4964 | D:5      | Noticed Grinder
  4999 | D:5      | HP: 1/61 [centaur/bow (4)]
  4999 | D:5      | Mangled by a centaur

Action                   |  1- 3 |  4- 6 |  7- 9 || total
-------------------------+-------+-------+-------++-------
Melee: Spear             |    38 |   117 |       ||   155
       Whip              |       |       |    26 ||    26
 Fire: Crossbow          |    61 |   132 |    28 ||   221
 Cast: Ensorcelled Hiber |       |     6 |       ||     6
  Use: Potion            |       |    11 |     3 ||    14
       Scroll            |       |       |    14 ||    14
 Stab: Sleeping          |       |       |     1 ||     1
